 Dungeon Crawl Stone Soup version 0.28-a0-1190-g77e1c55843 (webtiles) character file.

Game seed: 16012094758236535244

9647 SensoryNuts the Carver (level 11, 0/84 HPs)
             Began as a Demonspawn Fighter on Dec 18, 2021.
             Was an Initiate of Gozag.
             Succumbed to a cane toad's poison
             ... on level 1 of the Lair of Beasts.
             The game lasted 00:12:31 (9558 turns).

SensoryNuts the Carver (Demonspawn Fighter)         Turns: 9558, Time: 00:12:31

Health: 0/84       AC: 16    Str: 23    XL:     11   Next: 25%
Magic:  2/11       EV: 13    Int: 10    God:    Gozag
Gold:   870        SH:  5    Dex: 14    Spells: 10/10 levels left

rFire   . . .      SeeInvis +   e - +5 scimitar (elec)
rCold   . . .      Faith    .   c - +0 buckler
rNeg    . . .      Spirit   +   l - +0 acid dragon scales
rPois   .          Reflect  .   (no helmet)
rElec   .          Harm     .   f - +1 cloak
rCorr   +          Rampage  .   (no gloves)
Will    .....                   (no boots)
Stlth   ++........              i - amulet of guardian spirit
HPRegen 0.24/turn               s - +4 ring of protection
MPRegen 0.12/turn               w - ring of see invisible

@: mighty, lethally poisoned (0 -> -22), gold aura
A: powered by death 1, spiny 3, sharp scales 2, weakness stinger 1, agile 1,
screaming 1, strong 1
a: Renounce Religion, Potion Petition, Call Merchant, Bribe Branch


You were on level 1 of the Lair of Beasts.
You worshipped Gozag.
Gozag was pleased with you.
You visited 3 branches of the dungeon, and saw 11 of its levels.

You collected 1014 gold pieces.
You spent 96 gold pieces at shops.
You paid 48 gold pieces to Gozag.

Inventory:

Hand Weapons
 a - a +0 long sword
 e - a +5 scimitar of electrocution (weapon)
Armour
 b - a +0 scale mail
 c - a +0 buckler (worn)
 f - a +1 cloak (worn)
 h - a +1 chain mail of cold resistance
 l - +0 acid dragon scales (worn)
Magical Staves
 v - a staff of cold
 x - a staff of cold
Jewellery
 i - an amulet of guardian spirit (around neck)
 s - a +4 ring of protection (left hand)
 w - a ring of see invisible (right hand)
Wands
 m - a wand of flame (58) (quivered)
 n - a wand of iceblast (22)
 r - a wand of polymorph (4)
 y - a wand of paralysis (2)
Scrolls
 g - 2 scrolls of teleportation
 o - a scroll of blinking
 q - a scroll of holy word
 t - 6 scrolls of identify
Potions
 d - 3 potions of flight
 j - 2 potions of brilliance
 k - a potion of resistance
 p - 2 potions of heal wounds
 u - 2 potions of lignification
 z - a potion of curing
 A - a potion of might
 B - a potion of attraction


   Skills:
 + Level 7.4 Fighting
 + Level 11.6 Long Blades
 + Level 7.6 Armour
 + Level 4.2 Dodging
 + Level 2.3 Stealth
 + Level 5.1 Shields


You had 10 spell levels left.
You didn't know any spells.
Your spell library contained the following spells:

 Spells                   Type           Power      Damage    Failure   Level
 Magic Dart               Conj           0%         1d3       41%         1
 Call Imp                 Summ           0%         N/A       56%         2
 Scorch                   Fire           0%         2d5       56%         2
 Sublimation of Blood     Necr           0%         N/A       56%         2
 Mephitic Cloud           Conj/Pois/Air  0%         N/A       80%         3
 Portal Projectile        Hex/Tloc       0%         N/A       80%         3
 Summon Guardian Golem    Hex/Summ       0%         N/A       80%         3
 Flame Wave               Conj/Fire      0%         2d4       99%         4
 Petrify                  Tmut/Erth      0%         N/A       99%         4
 Blade Hands              Tmut           0%         N/A       100%        5
 Excruciating Wounds      Necr           0%         N/A       100%        5
 Irradiate                Conj/Tmut      0%         3d13      100%        5
 Summon Cactus Giant      Summ           0%         N/A       100%        6
 Orb of Destruction       Conj           0%         N/A       100%        7
 Spellforged Servitor     Conj/Summ      0%         N/A       100%        7


Dungeon Overview and Level Annotations

Branches:
Dungeon (9/15)             Temple (1/1) D:6            Lair (1/6) D:9
    Orc: D:9-12

Altars:
Ashenzari
Cheibriados
Dithmenos
Elyvilon
Gozag
Hepliaklqana
Kikubaaqudgha
Makhleb
Nemelex Xobeh
Okawaru
Qazlal
Ru
Sif Muna
Trog
Uskayaw
Vehumet
Wu Jian
Xom
Yredelemnul
Zin
The Shining One

Shops:
D:9 !


Innate Abilities, Weirdness & Mutations

You regenerate a little health from kills.
You are completely covered in sharp spines.
You are mostly covered in razor-sharp scales. (AC +2, Slay +2)
You have a small tail.
You are agile. (Dex +2)
You occasionally shout uncontrollably at your foes.
Your muscles are strong. (Str +2)


Message History

You feel very sick. The cane toad is struck by your spines.
The cane toad stings you!
The seven-headed hydra barely misses you.
The seven-headed hydra closely misses you.
The seven-headed hydra bites you. The seven-headed hydra bites you!
The seven-headed hydra misses you. The seven-headed hydra bites you!
The seven-headed hydra bites you but does no damage.
You chop one of the seven-headed hydra's heads off!
The six-headed hydra grows two more!
You slash the eight-headed hydra!
Lightning courses through the eight-headed hydra!!
You kill the eight-headed hydra!
You feel sick.
A yak comes into view. x2
The cane toad is struck by your spines. The cane toad stings you!
* * * LOW HITPOINT WARNING * * *
You barely miss the cane toad.
The cane toad is heavily wounded.
You feel sick.
The yak bellows!
You hear a bellow!
The yak is distracted by your dazzling golden aura.
You block the cane toad's attack.
The yak bellows!
You barely miss the cane toad.
The cane toad is heavily wounded.
You feel sick.
The yak is distracted by your dazzling golden aura.
The cane toad is struck by your spines. The cane toad closely misses you.
Unknown command.
The yak bellows!
You hit the cane toad.
The cane toad is severely wounded.
You feel sick. The cane toad stings you!
* * * LOW HITPOINT WARNING * * *
You are more poisoned.
The cane toad poisons you!
A yak comes into view.
You slash the cane toad! You tail-slap the cane toad.
You kill the cane toad!
You die...
Your body crumbles into a pile of gold.

# # #### #........YY.(.
###.P### .............
.##....## ##......Y...#
........###.....Y.....#
.........#P...........
....................#
.............#..$...#
...............$@..#
............#.....##
............#...###
.............##.##
..............#..#
............# ##.####
............# #....##
............####.....##
............##........#


You could see 4 yaks.

Vanquished Creatures
  2 hydras (Lair:1)
  A two-headed ogre (D:8)
  Maurice (D:8)
  2 centaur zombies (D:8)
  2 black mambas (Lair:1)
  2 cane toads (Lair:1)
  Maggie (D:6)
  Psyche (D:8)
  A rime drake (Lair:1)
  A komodo dragon (Lair:1)
  A shadow (D:8)
  9 yaks
  Grum (D:8)
  A steam dragon (D:9)
  A water moccasin (Lair:1)
  5 orc warriors
  An ice beast (D:6)
  2 sky beasts (D:6)
  2 black bears (D:6)
  2 wolves (D:8)
  2 ogres (D:5)
  4 centaurs
  A phantom (D:7)
  Blork the orc (D:6)
  A gnoll sergeant (D:8)
  3 bullfrogs
  A scorpion (Lair:1)
  3 wights (D:8)
  3 howler monkeys
  3 jellies
  5 orc priests
  2 bullfrog skeletons
  2 hounds
  Terence (D:2)
  Ijyb (D:4)
  4 iguanas
  11 orc wizards
  A killer bee zombie (D:9)
  6 adders
  8 gnolls
  A white imp (D:5)
  3 worms
  3 dart slugs
  26 orcs
  10 endoplasms
  2 giant cockroaches (D:1)
  8 goblins
  4 hobgoblins
  13 kobolds
  3 quokkas
  6 ball pythons
  3 bats
  2 frilled lizards
  5 rats
  A bush (D:2)
192 creatures vanquished.

Vanquished Creatures (others)
  21 plants
21 creatures vanquished.

Grand Total: 213 creatures vanquished

Notes
Turn   | Place    | Note
-------+----------+-------------------------------------------
     0 | D:1      | SensoryNuts the Demonspawn Fighter began the quest for the
                  | Orb.
     0 | D:1      | Reached XP level 1. HP: 18/18 MP: 1/1
   413 | D:1      | Found a faded altar of an unknown god.
   418 | D:1      | Gained mutation: You regenerate a little health from kills.
                  | [demonic ancestry]
   418 | D:1      | Reached XP level 2. HP: 15/24 MP: 2/2
   748 | D:1      | You fall into a shaft and drop 1 floor!
   792 | D:1      | Reached skill level 2 in Long Blades
   968 | D:2      | Noticed a howler monkey
   993 | D:2      | Killed a howler monkey
   994 | D:2      | Gained mutation: You are partially covered in sharp spines.
                  | [demonic ancestry]
   994 | D:2      | Reached XP level 3. HP: 15/29 MP: 3/3
  1055 | D:2      | Gained mutation: You are mostly covered in sharp spines.
                  | [demonic ancestry]
  1055 | D:2      | Reached XP level 4. HP: 35/35 MP: 4/4
  1472 | D:2      | Noticed Terence
  1480 | D:2      | Killed Terence
  1956 | D:3      | Reached XP level 5. HP: 40/42 MP: 5/5
  2272 | D:3      | Reached skill level 3 in Long Blades
  2763 | D:4      | Gained mutation: You have a small tail. [demonic ancestry]
  2763 | D:4      | Reached XP level 6. HP: 48/48 MP: 6/6
  3373 | D:4      | Noticed Ijyb
  3382 | D:4      | Killed Ijyb
  3383 | D:4      | Reached skill level 4 in Long Blades
  3928 | D:5      | Entered Level 5 of the Dungeon
  4133 | D:5      | Reached skill level 5 in Armour
  4133 | D:5      | Gained mutation: You are partially covered in razor-sharp
                  | scales. (AC +1, Slay +1) [demonic ancestry]
  4133 | D:5      | Reached XP level 7. HP: 40/54 MP: 7/7
  4563 | D:6      | Noticed Blork the orc
  4571 | D:6      | Killed Blork the orc
  4572 | D:6      | Reached skill level 5 in Long Blades
  4572 | D:6      | Reached skill level 1 in Dodging
  4723 | D:6      | Found a staircase to the Ecumenical Temple.
  4739 | D:6      | Gained mutation: You are completely covered in sharp
                  | spines. [demonic ancestry]
  4739 | D:6      | Reached XP level 8. HP: 59/60 MP: 8/8
  4786 | D:6      | Reached skill level 6 in Long Blades
  4806 | Temple   | Entered the Ecumenical Temple
  5113 | Temple   | Became a worshipper of Gozag Ym Sagoz the Greedy
  5166 | D:6      | Noticed Maggie
  5182 | D:6      | Killed Maggie
  5189 | D:6      | Reached skill level 7 in Long Blades
  5658 | D:6      | Gained mutation: You are strong-willed. (Will+) [potion of
                  | mutation]
  5658 | D:6      | Gained mutation: You sometimes lose the ability to read
                  | scrolls when taking damage. [potion of mutation]
  5658 | D:6      | Gained mutation: You are weak. (Str -2) [potion of
                  | mutation]
  5663 | D:6      | Lost mutation: You are strong-willed. (Will+) [potion of
                  | mutation]
  5663 | D:6      | Lost mutation: You are weak. (Str -2) [potion of mutation]
  5663 | D:6      | Lost mutation: You sometimes lose the ability to read
                  | scrolls when taking damage. [potion of mutation]
  5663 | D:6      | Gained mutation: Your muscles are strong. (Str +2) [potion
                  | of mutation]
  5663 | D:6      | Gained mutation: You occasionally shout uncontrollably at
                  | your foes. [potion of mutation]
  5663 | D:6      | Gained mutation: You are agile. (Dex +2) [potion of
                  | mutation]
  5817 | D:7      | Gained mutation: You are mostly covered in razor-sharp
                  | scales. (AC +2, Slay +2) [demonic ancestry]
  5817 | D:7      | Reached XP level 9. HP: 65/67 MP: 9/9
  6408 | D:8      | Noticed a two-headed ogre
  6433 | D:8      | Reached skill level 5 in Fighting
  6433 | D:8      | Reached skill level 8 in Long Blades
  6507 | D:8      | Killed a two-headed ogre
  6708 | D:8      | Noticed Maurice
  6717 | D:8      | Killed Maurice
  6718 | D:8      | Reached skill level 9 in Long Blades
  7049 | D:8      | Noticed Psyche
  7057 | D:8      | Killed Psyche
  7058 | D:8      | Reached XP level 10. HP: 76/76 MP: 10/10
  7314 | D:8      | Noticed Grum
  7325 | D:8      | Killed Grum
  7764 | D:8      | >
  7790 | D:9      | Found Veaz Haw's Distillery.
  7801 | D:9      | Bought a potion of might for 48 gold pieces
  7801 | D:9      | Bought a potion of might for 48 gold pieces
  7904 | D:9      | Reached skill level 10 in Long Blades
  8183 | D:9      | Reached skill level 1 in Stealth
  8318 | D:9      | Found a staircase to the Lair.
  8821 | Lair:1   | Entered Level 1 of the Lair of Beasts
  8821 | Lair:1   | Noticed a black mamba
  8822 | Lair:1   | Killed a black mamba
  8864 | Lair:1   | Reached skill level 11 in Long Blades
  9026 | Lair:1   | Noticed a cane toad
  9027 | Lair:1   | Noticed a black mamba
  9030 | Lair:1   | Killed a cane toad
  9031 | Lair:1   | Reached XP level 11. HP: 84/84 MP: 11/11
  9033 | Lair:1   | Reached skill level 5 in Shields
  9460 | Lair:1   | Noticed a seven-headed hydra
  9465 | Lair:1   | Killed an 11-headed hydra
  9544 | Lair:1   | Noticed a five-headed hydra
  9554 | Lair:1   | Killed an eight-headed hydra
  9558 | Lair:1   | Succumbed to a cane toad's poison

Illustrated notes

#.............)))..........#
###...#######)###...##.....#
###...##.##...###...##.....#
..#.............#...#......#
..#.............#...#......#
..#.............#...#......#
###..##..###...##...##.....#
###..##..###...##...##.....#
..........#....#@..........#
..........#....#...........#
..........#....#...........#
..........#....#...........#
#....##...#######...########
#....##...##...##...##....##
#..............#...........#
#..............#...........#
#..............#...........#


Turn 7764 on D:8: >

Levels and vault maps discovered:
D:1:      minmay_arrival_widening_spiral_wide, layout_loops_ring,
          shapermc_ecumenical_altar_venn
D:2:      layout_loops_cross, lexackson_kobold_supper, uniq_terence
D:3:      layout_rooms
D:4:      layout_layer_cave, uniq_ijyb
D:5:      layout_rooms
D:6:      layout_rooms, minmay_temple_entry_waves, uniq_maggie,
          uniq_blork_the_orc
D:7:      layout_rooms
D:8:      layout_gridville, uniq_psyche, uniq_maurice, uniq_grum
D:9:      layout_irregular_city, lair_entry_dummy, serial_shops,
          nicolae_shop_waterfront, serial_bayou_pond_d
Temple:   mainiacjoe_temple_archimedes_tessellation
Lair:1:   layout_cave_pods

Skill      XL: |  1  2  3  4  5  6  7  8  9 10 11 |
---------------+----------------------------------+-----
Long Blades    | 2 3 4 5 7 9 11 | 11.6
Armour         | 3 4 5 6 7 |  7.6
Shields        | 3 4 5 |  5.1
Fighting       | 4 5 7 |  7.4
Dodging        | 1 2 3 4 |  4.2
Stealth        | 1 2 |  2.3

Action                   |  1- 3 |  4- 6 |  7- 9 | 10-12 || total
-------------------------+-------+-------+-------+-------++-------
Melee: Long sword        |    54 |   157 |    40 |       ||   251
       Tailslap          |       |     4 |    19 |    16 ||    39
       Scimitar          |       |       |   100 |   120 ||   220
  Use: Scroll            |     1 |     2 |     5 |     1 ||     9
       Potion            |       |     7 |     5 |     2 ||    14
 Stab: Sleeping          |       |       |       |     1 ||     1
Armor: Scale mail        |    27 |    19 |       |       ||    46
       Chain mail        |       |    34 |    28 |       ||    62
       Acid dragon scale |       |       |    22 |    52 ||    74
Dodge: Dodged            |    20 |    38 |    60 |    57 ||   175
Block: Buckler           |    12 |    18 |    27 |    32 ||    89

Table legend: (Time is in decaauts)
 A = Elapsed time spent in this place.
 B = Non-inter-level travel time spent in this place.
 C = Inter-level travel time spent in this place.
 D = Time resting spent in this place.
 E = Time spent auto-exploring this place.
 F = Levels seen in this place.
 G = Mean time per level.
                   A        B        C        D        E       F      G
               +--------+--------+--------+--------+--------+-----+--------+
         Total |   9643 |   8373 |   1270 |    397 |   6361 |  11 |  876.6 |
       Dungeon |   8546 |   7427 |   1119 |    397 |   5534 |   9 |  949.6 |
        Temple |    357 |    210 |    147 |      0 |    189 |   1 |  357.0 |
          Lair |    738 |    734 |      4 |      0 |    638 |   1 |  738.0 |
               +--------+--------+--------+--------+--------+-----+--------+

Top non-repeatable levels by time:
     D:4: 1625 daAuts
     D:8: 1340 daAuts
     D:9: 1051 daAuts
     D:1: 965 daAuts
     D:2: 932 daAuts
     D:6: 795 daAuts
  Lair:1: 738 daAuts
     D:7: 716 daAuts
     D:5: 642 daAuts
     D:3: 476 daAuts
  Temple: 357 daAuts
